Map: 2000 Atmospheres LE

Players

llllllllllll - Winner!

  • Race: Protoss Protoss
  • League: Master
  • Spawn Location: 7:00

VOD

Have the link to the VOD?

Description

Time

  • Played on: March 11, 2022, 3:38 p.m.
  • Length: 6:20
Show
View Real Time Build Order
Export as new Build Order

llllllllllll Protoss - Winner!

Build Orders:  

Get SALT Encoding   

  12  0:02  Probe  
  12  0:14  Probe  
  12  0:19  Pylon  
  12  0:26  Probe  
  12  0:38  Probe (Chrono Boost), Forge  
  12  0:50  Probe (Chrono Boost)  
  12  0:58  Probe (Chrono Boost)  
  12  1:23  Pylon x2  
  12  1:28  Pylon  
  12  1:29  Pylon  
  12  1:32  Pylon  
  12  1:33  Pylon  
  12  1:41  Pylon  
  12  1:42  Pylon  
  12  1:44  Pylon  
  12  1:46  Pylon  
  12  2:15  Pylon x2  
  12  2:24  Pylon x2  
  12  2:31  Pylon x2  
  12  2:35  Pylon  
  12  2:36  Pylon  
  12  2:46  Pylon  
  12  2:47  Pylon  
  12  2:57  Pylon  
  12  3:06  Pylon x2  
  12  3:15  Pylon x2  
  12  3:38  Pylon x2  
  12  3:40  Pylon  
  12  3:42  Pylon  
  12  3:47  Pylon x2  
  12  3:49  Pylon  
  12  3:50  Pylon  
  12  4:12  Pylon  
  12  4:17  Pylon  
  12  4:31  Pylon x2  
  12  4:38  Pylon  
  12  4:49  Pylon  
  12  4:50  Pylon  
  12  4:52  Pylon  
  12  5:00  Pylon  
  12  5:20  Photon Cannon  
  12  5:21  Gateway  
  12  5:32  Photon Cannon  
  12  5:34  Pylon, Photon Cannon  
  12  5:35  Pylon  
  12  5:37  Pylon  
  12  5:50  Pylon  
  12  5:53  Pylon  
  12  5:54  Pylon  
Tags
 
Add a new tag
Caveats
  • Supply blocks, unpowered buildings, or Contaminate may cause inaccurate times.
  • Supply counts are checked every 10 seconds.